 Dungeon Crawl Stone Soup version 0.25.0-46-gbd7b0854d2 (webtiles) character file.

Game seed: 16278149579638732118

21 Descartes the Sneak (level 2, -2/11 HPs)
             Began as a Felid Enchanter on July 15, 2020.
             Slain by a leopard gecko (3 damage)
             ... on level 1 of the Dungeon.
             The game lasted 00:01:24 (437 turns).

Descartes the Sneak (Felid Enchanter)                Turns: 437, Time: 00:01:24

Health: -2/11      AC:  1    Str:  4    XL:     2   Next: 65%
Magic:  6/6        EV: 18    Int: 16    God:
Gold:   36         SH:  0    Dex: 16    Spells: 4/5 levels left
                                        Lives:  0   Deaths: 0

rFire    . . .     SeeInvis +     - Unarmed
rCold    . . .     Gourm    .   (shield unavailable)
rNeg     . . .     Faith    .   (armour unavailable)
rPois    .         Spirit   .   (helmet unavailable)
rElec    .         Reflect  .   (cloak unavailable)
rCorr    .         Harm     .   (gloves unavailable)
MR       .....                  (boots unavailable)
Stlth    +++.......             (no amulet)
HPRegen  0.03/turn              (no ring)
MPRegen  0.10/turn              (no ring)

@: stab, quick
A: very small, no armour, no weapons or thrown items, stealth, claws 1, fangs 3,
see invisible, carnivore, speed 1, shaggy fur 1, slow metabolism 1, sharp paws
a: no special abilities


You were on level 1 of the Dungeon.
You were completely stuffed.

You visited 1 branch of the dungeon, and saw 1 of its levels.

You collected 36 gold pieces.

Inventory:

Missiles
 g - 5 stones
Scrolls
 d - a scroll of magic mapping {unknown}
 e - a scroll of fog {unknown}
 f - a scroll of remove curse {unknown}
Comestibles
 b - 2 rations


   Skills:
 + Level 3.2 Dodging
 * Level 4.8 Stealth
 + Level 1.5 Unarmed Combat
 - Level 2.0 Spellcasting
 - Level 4.4 Hexes


You had 4 spell levels left.
You knew the following spells:

 Your Spells              Type           Power        Failure   Level  Hunger
a - Corona                Hex            ###....      3%          1    #......

Your spell library contained the following spells:

 Spells                   Type           Power        Failure   Level  Hunger
 Confusing Touch          Hex            ###.....     11%         3    ###....
 Tukima's Dance           Hex            ###.....     11%         3    ###....
 Ensorcelled Hibernation  Hex/Ice        #.....       13%         2    ###....
 Dazzling Flash           Conj/Hex       #.....       26%         3    ###....


Dungeon Overview and Level Annotations

Branches:
Dungeon (1/15)

Altars:


Innate Abilities, Weirdness & Mutations

You cannot wear armour.
You are incapable of wielding weapons or throwing items.
Your paws allow you to move quietly. (Stealth)
You have sharp claws.
You have razor-sharp teeth.
You have supernaturally acute eyesight. (SInv)
You are carnivorous and can eat meat at any time.
You cover ground quickly.
You are covered in fur. (AC +1)
You have a slow metabolism.
Your sharp claws are effective at attacking unaware monsters.


Message History

* * * LOW HITPOINT WARNING * * *
You scratch the dart slug.
You kill the dart slug!
The leopard gecko closely misses you.
You scratch the leopard gecko but do no damage.
The leopard gecko bites you.
* * * LOW HITPOINT WARNING * * *
You closely miss the leopard gecko. The leopard gecko misses you.
It was a potion of magic.
Magic courses through your body. The leopard gecko barely misses you.
It was a potion of stabbing.
You feel ready to backstab.
The leopard gecko completely misses you.
You scratch the leopard gecko.
The leopard gecko is moderately wounded.
The leopard gecko closely misses you.
You scratch the leopard gecko.
The leopard gecko is almost dead.
The leopard gecko misses you. The leopard gecko bites you.
You die...

#.# #.# #.# #.# #.# #.# #.# #.#
#.# #.# #.# ######.######## #.#
#.. ...............## #######.#
### #######.##....... ^.......#
#.............###
#################.#####.##.##.#
#......l@....##.##.##.#
#.#######)##.##.##.##.# #.
#.##.##.##)##.# #.
#.##.##.##.##.## ..###
##.##.##........#
#......#†..#.#####.##..# #.
#.............##..## #.
###...#.########...# ##.##.#
#.....


You could see a leopard gecko.

Vanquished Creatures
  2 dart slugs (D:1)
  A giant cockroach (D:1)
  3 goblins (D:1)
  2 hobgoblins (D:1)
  2 ball pythons (D:1)
  3 bats (D:1)
  2 frilled lizards (D:1)
  A kobold (D:1)
  A rat (D:1)
17 creatures vanquished.

Notes
Turn   | Place    | Note
-------+----------+-------------------------------------------
     0 | D:1      | Descartes the Felid Enchanter began the quest for the Orb.
     0 | D:1      | Reached XP level 1. HP: 7/7 MP: 4/4
   190 | D:1      | Reached XP level 2. HP: 11/11 MP: 6/6
   437 | D:1      | Slain by a leopard gecko

Illustrated notes

Levels and vault maps discovered:
D:1:      kennysheep_arrival_forest, layout_loops_ring, item_on_display_a

Skill      XL: |  1 |
---------------+----+-----
Dodging        | 3 |  3.2
Stealth        | |  4.8
Unarmed Combat | |  1.5
Spellcasting   | |  2.0
Hexes          | |  4.4

Action                   || total
-------------------------++-------
Melee: Unarmed           ||    52
       Bite              ||     3
  Use: Potion            ||     2
 Stab: Sleeping          ||     8
  Eat: Chunk             ||     6
Armor: Skin              ||     7
Dodge: Dodged            ||    36
